 Dungeon Crawl Stone Soup version 0.29.1-15-g9cfb28693d (webtiles) character file.

Game seed: 12188029077091667950

205 Heoruswealwe the Digger (level 5, -2/28 HPs)
             Began as a Deep Elf Earth Elementalist on Mar 20, 2023.
             Slain by soepkip's ghost (14 damage)
             ... on level 3 of the Dungeon.
             The game lasted 00:27:15 (1956 turns).

Heoruswealwe the Digger (DEEE)                      Turns: 1956, Time: 00:27:20

Health: -2/28      AC:  4    Str: 14    XL:     5   Next: 53%
Magic:  4/13       EV: 12    Int: 22    God:
Gold:   159        SH:  0    Dex: 15    Spells: 6/12 levels left

rFire   + . .      SeeInvis .   a - +1 dire flail "Murmur" {vamp, *Rage Fly rF+ Str+9}
rCold   . . .      Faith    .   (shield currently unavailable)
rNeg    + . .      Spirit   .   b - +0 robe
rPois   .          Reflect  .   c - +0 helmet
rElec   .          Harm     .   (no cloak)
rCorr   .          Rampage  .   d - +0 pair of gloves
Will    .....      Rage     20% (no boots)
Stlth   ++........              (no amulet)
HPRegen 0.09/turn               e - ring of positive energy
MPRegen 0.13/turn               (no ring)

@: flying
A: no striking features
a: no special abilities


You were on level 3 of the Dungeon.
You visited 1 branch of the dungeon, and saw 3 of its levels.

You collected 159 gold pieces.

Inventory:

Hand Weapons
 a - the +1 dire flail "Murmur" (weapon) {vamp, *Rage Fly rF+ Str+9}
   (You found it on level 3 of the Dungeon)

   It occasionally heals its wielder for a portion of the damage dealt when it
   wounds a living foe.
   Str:       It affects your strength (+9).
   rF:        It protects you from fire.
   Fly:       It grants you flight.
   *Rage:     It berserks you when you make melee attacks (+20% chance).
 z - a +0 war axe
Armour
 b - a +0 robe (worn)
 c - a +0 helmet (worn)
 d - a +0 pair of gloves (worn)
Magical Staves
 h - a staff of poison
 n - a staff of cold
Jewellery
 e - a ring of positive energy (left hand)
Wands
 i - a wand of flame (18)
 r - a wand of paralysis (7)
Scrolls
 f - a scroll of blinking {unknown}
 j - a scroll of immolation {unknown}
 l - a scroll of noise {unknown}
 m - a scroll of torment {unknown}
 o - 3 scrolls of identify {unknown}
 p - a scroll of poison {unknown}
 s - 3 scrolls of teleportation {unknown}
 u - a scroll of amnesia {unknown}
Potions
 g - 3 potions of curing {unknown}
 k - a potion of magic
 q - a potion of flight {unknown}
 t - a potion of might {unknown}


   Skills:
 - Level 2.4 Dodging
 - Level 2.4 Stealth
 + Level 4.4 Spellcasting
 + Level 2.3 Conjurations
 + Level 2.7 Transmutations
 * Level 5.0 Earth Magic


You had 6 spell levels left.
You knew the following spells:

 Your Spells              Type           Power      Damage    Failure   Level
a - Sandblast             Erth           54%        2d13      1%          1
b - Passwall              Tmut/Erth      18%        N/A       3%          2
c - Stone Arrow           Conj/Erth      42%        3d9       7%          3

Your spell library contained the following spells:

 Spells                   Type           Power      Damage    Failure   Level
 Magic Dart               Conj           60%        1d6       4%          1
 Searing Ray              Conj           30%        2d5       6%          2
 Petrify                  Tmut/Erth      22%        N/A       22%         4
 Fulminant Prism          Conj/Hex       5%         3d7       54%         4


Dungeon Overview and Level Annotations

Branches:
Dungeon (3/15)

Altars:
Yredelemnul

Shops:
D:3 :

Annotations:
D:3 soepkip's ghost, amateur HOMo


Message History

Soepkip's ghost is lightly damaged.
Casting: Sandblast (safe; 1% risk of failure)
Confirm with . or Enter, or press ? or * to list all spells.
Aiming: Sandblast (safe; 1% risk of failure)
Press: ? - help, Shift-Dir - straight line, f/p - soepkip's ghost
Aim: soepkip's ghost (lightly damaged, paralysed, 100% to hit)
The blast of sand hits soepkip's ghost!
Soepkip's ghost is moderately damaged.
Casting: Sandblast (safe; 1% risk of failure)
Confirm with . or Enter, or press ? or * to list all spells.
Aiming: Sandblast (safe; 1% risk of failure)
Press: ? - help, Shift-Dir - straight line, f/p - soepkip's ghost
Aim: soepkip's ghost (moderately damaged, paralysed, 100% to hit)
The blast of sand hits soepkip's ghost but does no damage.
Soepkip's ghost is moderately damaged.
Casting: Sandblast (safe; 1% risk of failure)
Confirm with . or Enter, or press ? or * to list all spells.
Aiming: Sandblast (safe; 1% risk of failure)
Press: ? - help, Shift-Dir - straight line, f/p - soepkip's ghost
Aim: soepkip's ghost (moderately damaged, paralysed, 100% to hit)
The blast of sand hits soepkip's ghost but does no damage.
Soepkip's ghost is moderately damaged.
Casting: Sandblast (safe; 1% risk of failure)
Confirm with . or Enter, or press ? or * to list all spells.
Aiming: Sandblast (safe; 1% risk of failure)
Press: ? - help, Shift-Dir - straight line, f/p - soepkip's ghost
Aim: soepkip's ghost (moderately damaged, paralysed, 100% to hit)
The blast of sand hits soepkip's ghost but does no damage.
Soepkip's ghost is moderately damaged.
Soepkip's ghost is no longer paralysed.
Casting: Sandblast (safe; 1% risk of failure)
Confirm with . or Enter, or press ? or * to list all spells.
Aiming: Sandblast (safe; 1% risk of failure)
Press: ? - help, Shift-Dir - straight line, f/p - soepkip's ghost
Aim: soepkip's ghost (moderately damaged, 90% to hit)
The blast of sand hits soepkip's ghost but does no damage.
Soepkip's ghost is moderately damaged.
Soepkip's ghost hits you!
Ouch! That really hurt!
You die...

##'# ### #.####
#### #....### #...
####.#.## #...
#).'....# #...
#?.'.._.# #...
#$.'....# #####.†.
####.#.## #.......
#@W..### #......[
#.#### ##.......
#'### #'.......
#...#######.†.....
###......†††......
################


You could see soepkip's ghost.

Vanquished Creatures
  An iguana (D:3)
  7 adders
  3 gnolls (D:3)
  An adder zombie (D:3)
  3 dart slugs
  3 orcs (D:2)
  6 ball pythons
  6 endoplasms
  4 giant cockroaches
  5 goblins
  5 hobgoblins
  9 jackals
  3 quokkas
  8 bats
  2 frilled lizards (D:1)
  A jackal zombie (D:3)
  5 kobolds
  7 rats
79 creatures vanquished.

Notes
Turn   | Place    | Note
-------+----------+-------------------------------------------
     0 | D:1      | Heoruswealwe the Deep Elf Earth Elementalist began the
                  | quest for the Orb.
     0 | D:1      | Reached XP level 1. HP: 10/10 MP: 6/6
   169 | D:1      | Reached XP level 2. HP: 15/15 MP: 6/8
   359 | D:1      | Learned a level 2 spell: Passwall
   482 | D:1      | Reached skill level 1 in Conjurations
   523 | D:1      | Reached XP level 3. HP: 12/19 MP: 2/9
   614 | D:1      | You fall into a shaft and drop 1 floor!
   714 | D:1      | Reached skill level 4 in Earth Magic
   866 | D:1      | Learned a level 3 spell: Stone Arrow
   989 | D:2      | Identified the +2 leather armour "Manibrask" {SInv}
   991 | D:2      | Reached XP level 4. HP: 24/24 MP: 9/11
  1505 | D:3      | Identified the +1 dire flail "Murmur" {vamp, *Rage Fly rF+
                  | Str+9}
  1690 | D:2      | Reached XP level 5. HP: 24/28 MP: 11/13
  1727 | D:3      | Found Cucuec's Book Shop.
  1791 | D:3      | Found a runed translucent gate.
  1792 | D:3      | Found a runed translucent gate.
  1792 | D:3      | Noticed soepkip's ghost (amateur HOMo)
  1793 | D:3      | Found a runed translucent gate.
  1795 | D:3      | Found a basalt altar of Yredelemnul.
  1834 | D:3      | Reached skill level 5 in Earth Magic
  1956 | D:3      | Slain by soepkip's ghost

Illustrated notes

Levels and vault maps discovered:
D:1:      elethiomel_arrival_diamonds, layout_basic, minmay_misc_feat_alley,
          grunt_decor_cap, nrook_mini_backslash
D:2:      layout_rooms
D:3:      layout_basic, nicolae_yredelemnul_ghost_church, serial_shops, shop

Skill      XL: |  1  2  3  4  5 |
---------------+----------------+-----
Conjurations   | 1 2 |  2.3
Earth Magic    | 4 5 |  5.0
Transmutations | 2 |  2.7
Spellcasting   | 4 |  4.4
Dodging        | |  2.4
Stealth        | |  2.4

Action                   |  1- 3 |  4- 6 || total
-------------------------+-------+-------++-------
 Cast: Sandblast         |    54 |    67 ||   121
       Passwall          |     4 |       ||     4
Evoke: Wand              |       |     2 ||     2
Armor: Robe              |       |     3 ||     3
Dodge: Dodged            |     6 |    17 ||    23
